 Dungeon Crawl Stone Soup version 0.20.0-10-g0535bb4 (webtiles) character file.

1601 sankara the Basher (level 8, 0/73 HPs)
             Began as a Minotaur Fighter on June 6, 2017.
             Slain by Sigmund
             ... wielding a +2 scythe of protection
              (3 damage)
             ... on level 4 of the Dungeon.
             The game lasted 00:17:30 (3819 turns).

sankara the Basher (Minotaur Fighter)               Turns: 3819, Time: 00:17:30

Health: 0/73       AC: 23    Str: 21    XL:     8   Next: 62%
Magic:  7/7        EV:  7    Int:  5    God:
Gold:   189        SH: 10    Dex: 12    Spells: 7/7 levels left

rFire    + . .     SeeInvis .   b - +2 flail (protect)
rCold    . . .     Gourm    .   c - +0 shield
rNeg     . . .     Faith    .   r - +3 chain mail {rF+}
rPois    .         Spirit   .   (helmet restricted)
rElec    .         Reflect  .   a - +2 cloak
rCorr    .         Harm     .   (no gloves)
MR       .....                  (no boots)
Stlth    ..........             (no amulet)
Regen    0.3/turn               (no ring)
MPRegen  0.1/turn               (no ring)

@: protection aura
A: retaliatory headbutt, horns 2
a: no special abilities


You were on level 4 of the Dungeon.
You were hungry.

You visited 1 branch of the dungeon, and saw 4 of its levels.

You collected 189 gold pieces.

Inventory:

Hand Weapons
 b - a +2 flail of protection (weapon)
Armour
 a - a +2 cloak (worn)
 c - a +0 shield (worn)
 r - a +3 chain mail of fire resistance (worn)
Wands
 q - a wand of lightning (2/15)
Scrolls
 g - a scroll of random uselessness {unknown}
 h - 5 scrolls of identify {unknown}
 j - a scroll of recharging {unknown}
 k - a scroll of remove curse {unknown}
 o - a scroll of teleportation {unknown}
 s - a scroll of magic mapping {unknown}
 t - a scroll of immolation {unknown}
Potions
 d - a potion of might
 e - a potion of magic {unknown}
 l - 2 potions of brilliance {unknown}
 m - a potion of cancellation {unknown}
 p - 4 potions of flight {unknown}
Comestibles
 f - 4 bread rations
 i - 2 meat rations
 n - 3 fruits


   Skills:
 + Level 7.5 Fighting
 + Level 8.3 Maces & Flails
 + Level 5.9 Armour
 + Level 3.8 Dodging
 + Level 5.9 Shields


You had 7 spell levels left.
You didn't know any spells.

Dungeon Overview and Level Annotations

Branches:
Dungeon (4/15)
 Temple: D:4-7

Altars:
Hepliaklqana
Qazlal

Shops:
D:4 *

Annotations:
D:4 2 transporters, Sigmund


Innate Abilities, Weirdness & Mutations

You reflexively headbutt those who attack you in melee.
You have a pair of horns on your head.


Message History

Something hits you.
The two-headed ogre hits you with a giant club.
* * * LOW HITPOINT WARNING * * *
The two-headed ogre barely misses you.
You thump the two-headed ogre! You headbutt the two-headed ogre.
The two-headed ogre is almost dead.
Something hits you but does no damage.
The two-headed ogre hits you with a giant club!
* * * LOW HITPOINT WARNING * * *
The two-headed ogre hits you but does no damage.
You hit the two-headed ogre. You headbutt the two-headed ogre.
You kill the two-headed ogre!
Your Fighting skill increases to level 7!
Your Maces & Flails skill increases to level 8!
Your Dodging skill increases to level 3!
You have reached level 8!
You feel agile. You block something's attack. Something hits you.
You die...

♣..###..>.##.....P....#
♣...##....#.....P.....#
♣...##....#.....PP♣P..#
♣....'....#.....♣P♣..##
♣).###...<#....#...P.#
...#...........#...P##
####...........#.####
...........#####.#
.........:.# #@#
....##'#'### #.#
....##.#.# #{#
....##.#.# #........#
.....#.#.#
#............
####.#.#.#
#........#### # ♣.♣.#.#
#......♣♣♣ # #.#...#
#....... ###♣.♣.♣.#
#......♣


There were no monsters in sight!

Vanquished Creatures
  A two-headed ogre (D:4)
  The ghost of maniacrov the Ducker, an amateur MfGl (D:4)
  Edmund (D:4)
  Duvessa (D:4)
  The ghost of Bazza123 the Slasher, an amateur TrGl (D:3)
  Dowan (D:4)
  2 scorpions (D:4)
  A centaur skeleton (D:4)
  An orc wizard (D:3)
  Crazy Yiuf (D:3)
  Terence (D:3)
  An iguana (D:4)
  Ijyb (D:4)
  Natasha (thrice) (D:4)
  4 gnolls
  4 adders
  An adder skeleton (D:4)
  A worm (D:2)
  A dart slug (D:1)
  3 leopard geckos
  7 orcs
  A ball python (D:3)
  2 giant cockroaches
  6 goblins
  7 hobgoblins
  4 jackals (D:3)
  A quokka (D:2)
  8 bats
  5 frilled lizards
  7 kobolds
  6 rats
  A plant (D:2)
86 creatures vanquished.

Vanquished Creatures (others)
  A plant (D:2)
1 creature vanquished.

Grand Total: 87 creatures vanquished

Notes
Turn   | Place    | Note
-------+----------+-------------------------------------------
     0 | D:1      | sankara the Minotaur Fighter began the quest for the Orb.
     0 | D:1      | Reached XP level 1. HP: 19/19 MP: 0/0
    91 | D:1      | Reached XP level 2. HP: 25/27 MP: 1/1
   105 | D:1      | Reached skill level 3 in Maces & Flails
   614 | D:2      | Reached XP level 3. HP: 14/33 MP: 2/2
   812 | D:1      | HP: 1/33 [gnoll/spear of distortion (12)]
  1241 | D:2      | Reached skill level 4 in Maces & Flails
  2031 | D:2      | Reached XP level 4. HP: 39/41 MP: 3/3
  2077 | D:3      | Found a stormy altar of Qazlal.
  2181 | D:3      | Found a runed door.
  2263 | D:3      | Noticed Terence
  2271 | D:3      | Killed Terence
  2311 | D:3      | Reached skill level 5 in Maces & Flails
  2315 | D:3      | Reached XP level 5. HP: 34/47 MP: 4/4
  2320 | D:3      | Noticed Bazza123's ghost (amateur TrGl)
  2385 | D:3      | Killed Bazza123's ghost
  2385 | D:3      | Reached skill level 5 in Fighting
  2461 | D:3      | Reached skill level 6 in Maces & Flails
  2466 | D:3      | Reached XP level 6. HP: 56/56 MP: 5/5
  2814 | D:3      | Noticed Crazy Yiuf
  2819 | D:3      | Killed Crazy Yiuf
  2901 | D:4      | Noticed maniacrov's ghost (amateur MfGl)
  2918 | D:4      | Killed maniacrov's ghost
  2918 | D:4      | Reached skill level 7 in Maces & Flails
  2947 | D:4      | Found a transporter.
  2948 | D:4      | Found a transporter.
  2980 | D:4      | Reached XP level 7. HP: 46/63 MP: 6/6
  3142 | D:4      | Noticed Natasha
  3148 | D:4      | Killed Natasha
  3148 | D:4      | Reached skill level 1 in Dodging
  3155 | D:4      | Noticed Ijyb
  3158 | D:4      | Noticed Duvessa
  3159 | D:4      | Noticed Dowan
  3178 | D:4      | Noticed Natasha
  3183 | D:4      | Killed Natasha
  3191 | D:4      | Killed Ijyb
  3202 | D:4      | Killed Duvessa
  3212 | D:4      | Killed Dowan
  3465 | D:4      | Found a hazy altar of Hepliaklqana.
  3552 | D:4      | Found Deumep's Assorted Antiques.
  3586 | D:4      | Noticed Natasha
  3596 | D:4      | Killed Natasha
  3716 | D:4      | Noticed Edmund
  3733 | D:4      | Killed Edmund
  3733 | D:4      | Reached skill level 5 in Armour
  3733 | D:4      | Reached skill level 5 in Shields
  3800 | D:4      | Noticed Sigmund
  3803 | D:4      | Noticed a two-headed ogre
  3817 | D:4      | HP: 2/64 [two-headed ogre/giant club (15)]
  3818 | D:4      | Killed a two-headed ogre
  3818 | D:4      | Reached skill level 8 in Maces & Flails
  3818 | D:4      | Reached XP level 8. HP: 2/73 MP: 7/7
  3819 | D:4      | Slain by Sigmund

Skill      XL: |  1  2  3  4  5  6  7 |
---------------+----------------------+-----
Maces & Flails | 3 4 5 6 7 8 |  8.3
Fighting       | 4 5 6 7 |  7.5
Shields        | 4 5 |  5.9
Armour         | 4 5 |  5.9
Dodging        | 3 |  3.8

Action                   |  1- 3 |  4- 6 |  7- 9 || total
-------------------------+-------+-------+-------++-------
Melee: Flail             |   148 |   115 |    90 ||   353
       Headbutt          |    42 |    15 |    21 ||    78
Evoke: Wand              |       |       |     1 ||     1
  Eat: Chunk             |     3 |     3 |     3 ||     9
Armor: Scale mail        |    45 |    16 |       ||    61
       Chain mail        |       |    36 |    46 ||    82
Dodge: Dodged            |    35 |    19 |    18 ||    72
Block: Shield            |    49 |    40 |    36 ||   125
